DSL
DSL HOUSTON ASTROS @ DSL MINNESOTA TWINS
07/10/2041
 
TOP OF THE 1ST
DSL Houston Astros batting - Pitching for DSL Minnesota Twins : RHP Edgardo Ruíz
Pitching: RHP Edgardo Ruíz
Batting: RHB Dave Byers 0-0: Swinging Strike
0-1: Ball
1-1: Ball
2-1: Foul Ball, location: 2F
2-2: Strikes out swinging
Batting: RHB Gabe Hurt 0-0: Ball
1-0: Ball
2-0: Ball
3-0: Base on Balls
Batting: RHB Hugh Burns 0-0: Fly out, F9 (Flyball, 89M, EV 95.6 MPH)
Batting: RHB Zach Davis 0-0: Called Strike
Gabe Hurt steals 2nd base
0-1: Called Strike
0-2: Strikes out swinging
Top of the 1st over - 0 runs, 0 hits, 0 errors, 1 left on base; DSL Houston 0 - DSL Minnesota 0
BOTTOM OF THE 1ST
DSL Minnesota Twins batting - Pitching for DSL Houston Astros : LHP Phil Nutall
Pitching: LHP Phil Nutall
Batting: RHB Juan Vargas 0-0: Foul Ball, location: 2F
0-1: SINGLE (Groundball, 25, EV 69.4 MPH) (infield hit)
Batting: RHB Sean Marsh 0-0: Sac Bunt to 2R - play at first, batter OUT! 2-3
Juan Vargas to second
Batting: RHB Aarão Benchimol 0-0: Ball
1-0: Ball
2-0: Called Strike
2-1: Ball
3-1: Foul Ball, location: 25F
3-2: Base on Balls
Batting: RHB Wilson Gómes 0-0: Ball
1-0: Swinging Strike
1-1: Foul Ball, location: 7LSFF
1-2: Foul Ball, location: 9LMF
1-2: Strikes out swinging
Batting: LHB Pat Davis 0-0: Ball
1-0: Called Strike
1-1: Ball
2-1: Called Strike
2-2: Ball
3-2: TRIPLE (Flyball, 78XD, EV 93.1 MPH)
Juan Vargas scores
Aarão Benchimol scores
Batting: RHB Cisco Bautista 0-0: Ground out 5-3 (Groundball, 56, EV 84.4 MPH)
Bottom of the 1st over - 2 runs, 2 hits, 0 errors, 1 left on base; DSL Houston 0 - DSL Minnesota 2
TOP OF THE 2ND
DSL Houston Astros batting - Pitching for DSL Minnesota Twins : RHP Edgardo Ruíz
Batting: RHB Randy Warner 0-0: Swinging Strike
0-1: Ball
1-1: SINGLE (Groundball, 4MD, EV 94.4 MPH)
Batting: RHB Cliff Hoover 0-0: Hit by Pitch
Randy Warner to second
Batting: RHB Jeff Brown 0-0: Called Strike
0-1: Called Strike
0-2: Ball
1-2: Ball
2-2: Strikes out swinging
Batting: SHB Joe Pratt 0-0: Called Strike
0-1: Foul Ball, location: 2F
0-2: Fly out, F8 (Flyball, 78M, EV 92.5 MPH)
Batting: RHB Alfredo Pacheco 0-0: Ball
1-0: Foul Ball, location: 5FF
1-1: Foul Ball, location: 2F
1-2: Ball
2-2: Strikes out swinging
Top of the 2nd over - 0 runs, 1 hit, 0 errors, 2 left on base; DSL Houston 0 - DSL Minnesota 2
BOTTOM OF THE 2ND
DSL Minnesota Twins batting - Pitching for DSL Houston Astros : LHP Phil Nutall
Batting: RHB Ben Butler 0-0: Ball
1-0: Ground out 4-3 (Groundball, 4, EV 88.8 MPH)
Batting: LHB Jim Unknown 0-0: Ball
1-0: Foul Ball, location: 2F
1-1: Ball
2-1: Swinging Strike
2-2: Foul Ball, location: 2F
2-2: Ball
3-2: Strikes out swinging
Batting: RHB Jim Unknown 0-0: Called Strike
0-1: Ball
1-1: Ball
2-1: Ball
3-1: Fly out, F7 (Flyball, 7, EV 90.6 MPH)
Bottom of the 2nd over - 0 runs, 0 hits, 0 errors, 0 left on base; DSL Houston 0 - DSL Minnesota 2
TOP OF THE 3RD
DSL Houston Astros batting - Pitching for DSL Minnesota Twins : RHP Edgardo Ruíz
Batting: RHB Dave Byers 0-0: Called Strike
0-1: Foul Ball, location: 2F
0-2: Ball
1-2: SOLO HOME RUN (Flyball, 8RXD, EV 111.3 MPH), Distance : 450 ft
Batting: RHB Gabe Hurt 0-0: Fly out, F7 (Line Drive, 7, EV 98.8 MPH)
Batting: RHB Hugh Burns 0-0: Swinging Strike
0-1: Ball
1-1: Called Strike
1-2: Ball
2-2: Strikes out swinging
Batting: RHB Zach Davis 0-0: Foul Ball, location: 2F
0-1: Called Strike
0-2: Ball
1-2: Ball
2-2: Strikes out swinging
Top of the 3rd over - 1 run, 1 hit, 0 errors, 0 left on base; DSL Houston 1 - DSL Minnesota 2
BOTTOM OF THE 3RD
DSL Minnesota Twins batting - Pitching for DSL Houston Astros : LHP Phil Nutall
Batting: RHB Juan Vargas 0-0: SINGLE (Groundball, 34S, EV 70.0 MPH)
Batting: RHB Sean Marsh 0-0: Bunt missed!
0-1: Sac Bunt to 5S - play at first, batter OUT! 5-3
Juan Vargas to second
Batting: RHB Aarão Benchimol 0-0: Ball
1-0: Ball
2-0: Foul Ball, location: 5F
2-1: Ball
3-1: Swinging Strike
3-2: Fly out, F9 (Flyball, 9, EV 91.3 MPH)
Batting: RHB Wilson Gómes 0-0: Ball
1-0: Ball
2-0: Ball
3-0: Foul Ball, location: 9LMF
3-1: Base on Balls
Batting: LHB Pat Davis 0-0: Ball
1-0: Called Strike
1-1: Swinging Strike
1-2: Ball
2-2: Ball
3-2: Foul Ball, location: 9LMFF
3-2: Base on Balls
Juan Vargas to third
Wilson Gómes to second
Batting: RHB Cisco Bautista 0-0: Swinging Strike
0-1: Ball
1-1: Foul Ball, location: 2F
1-2: Ball
2-2: Strikes out swinging
Bottom of the 3rd over - 0 runs, 1 hit, 0 errors, 3 left on base; DSL Houston 1 - DSL Minnesota 2
TOP OF THE 4TH
DSL Houston Astros batting - Pitching for DSL Minnesota Twins : RHP Edgardo Ruíz
Batting: RHB Randy Warner 0-0: Ball
1-0: Foul Ball, location: 2F
1-1: Ball
2-1: Ball
3-1: Called Strike
3-2: Strikes out swinging
Batting: RHB Cliff Hoover 0-0: Foul Ball, location: 2F
0-1: Foul Ball, location: 2F
0-2: Strikes out looking
Batting: RHB Jeff Brown 0-0: Ball
1-0: Called Strike
1-1: Ball
2-1: Foul Ball, location: 2F
2-2: Foul Ball, location: 2F
2-2: Strikes out swinging
Top of the 4th over - 0 runs, 0 hits, 0 errors, 0 left on base; DSL Houston 1 - DSL Minnesota 2
BOTTOM OF THE 4TH
DSL Minnesota Twins batting - Pitching for DSL Houston Astros : LHP Phil Nutall
Batting: RHB Ben Butler 0-0: Called Strike
0-1: DOUBLE (Line Drive, 7LM, EV 87.5 MPH)
Batting: LHB Jim Unknown 0-0: Ball
1-0: Foul Ball, location: 3DF
1-1: Ball
2-1: Foul Ball, location: 3SF
2-2: Foul Ball, location: 2F
2-2: Strikes out swinging
Batting: RHB Jim Unknown 0-0: Called Strike
0-1: Ball
1-1: Called Strike
1-2: Strikes out swinging
Batting: RHB Juan Vargas 0-0: Ball
1-0: Called Strike
1-1: DOUBLE (Line Drive, 9LS, EV 101.9 MPH)
Ben Butler scores
Batting: RHB Sean Marsh 0-0: Called Strike
0-1: Ball
1-1: Foul Ball, location: 2F
1-2: Foul Ball, location: 2F
1-2: Foul Ball, location: 2F
1-2: Foul Ball, location: 2F
1-2: SINGLE (Line Drive, 8RS, EV 101.9 MPH)
Juan Vargas to third
Runner from 3rd tries for Home, throw by CF and OUT! 8-2
Bottom of the 4th over - 1 run, 3 hits, 0 errors, 1 left on base; DSL Houston 1 - DSL Minnesota 3
TOP OF THE 5TH
DSL Houston Astros batting - Pitching for DSL Minnesota Twins : RHP Edgardo Ruíz
Batting: SHB Joe Pratt 0-0: Ball
1-0: Called Strike
1-1: Ball
2-1: Called Strike
2-2: Foul Ball, location: 25F
2-2: Foul Ball, location: 5FF
2-2: Fly out, F6 (Popup, 6, EV 74.4 MPH)
Batting: RHB Alfredo Pacheco 0-0: Fly out, F8 (Flyball, 8RD, EV 99.4 MPH)
Batting: RHB Dave Byers 0-0: Called Strike
0-1: Ball
1-1: Ball
2-1: Called Strike
2-2: Ball
3-2: Strikes out looking
Top of the 5th over - 0 runs, 0 hits, 0 errors, 0 left on base; DSL Houston 1 - DSL Minnesota 3
BOTTOM OF THE 5TH
DSL Minnesota Twins batting - Pitching for DSL Houston Astros : LHP Phil Nutall
Batting: RHB Aarão Benchimol 0-0: Ball
1-0: Swinging Strike
1-1: Ball
2-1: Swinging Strike
2-2: Foul Ball, location: 2F
2-2: Ball
3-2: Foul Ball, location: 7LMF
3-2: Foul Ball, location: 2F
3-2: Base on Balls
Batting: RHB Wilson Gómes 0-0: Ball
1-0: Foul Ball, location: 9LDF
1-1: Swinging Strike
1-2: Strikes out swinging
Batting: LHB Pat Davis 0-0: Ball
1-0: Called Strike
1-1: Fly out, F6 (Popup, 6M, EV 68.8 MPH)
Batting: RHB Cisco Bautista 0-0: Ground out 5-3 (Groundball, 5S, EV 67.5 MPH)
Bottom of the 5th over - 0 runs, 0 hits, 0 errors, 1 left on base; DSL Houston 1 - DSL Minnesota 3
TOP OF THE 6TH
DSL Houston Astros batting - Pitching for DSL Minnesota Twins : RHP Edgardo Ruíz
Batting: RHB Gabe Hurt 0-0: Called Strike
0-1: Ball
1-1: Called Strike
1-2: Strikes out swinging
Pitching: RHP Raúl Árias
Batting: RHB Hugh Burns 0-0: Called Strike
0-1: Swinging Strike
0-2: Ball
1-2: Strikes out swinging
Pinch Hitting: LHB Jorge Ramos 0-0: Ground out 6-3 (Groundball, 56, EV 85.6 MPH)
Top of the 6th over - 0 runs, 0 hits, 0 errors, 0 left on base; DSL Houston 1 - DSL Minnesota 3
BOTTOM OF THE 6TH
DSL Minnesota Twins batting - Pitching for DSL Houston Astros : LHP Phil Nutall
Now in LF: Jorge Ramos
Batting: RHB Ben Butler 0-0: Ball
1-0: Ball
2-0: Reached on error, E6 (Groundball, 6, EV 89.4 MPH)
Pitching: LHP Bob Miller
Batting: LHB Jim Unknown 0-0: Sac Bunt to 13S - play at first, batter OUT! 1-3
Ben Butler to second
Batting: RHB Jim Unknown 0-0: Ball
1-0: Foul Ball, location: 2LF
1-1: Fly out, F8 (Flyball, 8RM, EV 88.1 MPH)
Batting: RHB Juan Vargas 0-0: Ball
1-0: Called Strike
1-1: TRIPLE (Line Drive, 89XD, EV 104.4 MPH)
Ben Butler scores
Batting: RHB Sean Marsh 0-0: Called Strike
0-1: Ball
1-1: SINGLE (Groundball, 4MD, EV 102.5 MPH)
Juan Vargas scores
Batting: RHB Aarão Benchimol 0-0: Foul Ball, location: 2LF
0-1: Fly out, F7 (Flyball, 78D, EV 92.5 MPH)
Bottom of the 6th over - 2 runs, 2 hits, 1 error, 1 left on base; DSL Houston 1 - DSL Minnesota 5
TOP OF THE 7TH
DSL Houston Astros batting - Pitching for DSL Minnesota Twins : RHP Raúl Árias
Batting: RHB Randy Warner 0-0: Ball
1-0: Ball
2-0: Called Strike
2-1: Ball
3-1: Foul Ball, location: 7LMFF
3-2: Base on Balls
Pinch Hitting: LHB Ed Benton 0-0: Called Strike
0-1: Foul Ball, location: 5F
0-2: Strikes out swinging
Pinch Hitting: LHB Jon Burton 0-0: Ball
1-0: Called Strike
1-1: Called Strike
Randy Warner steals 2nd base
1-2: Foul Ball, location: 2F
1-2: Foul Ball, location: 2F
1-2: Ball
2-2: Ball
3-2: Foul Ball, location: 3SF
3-2: Strikes out swinging
Batting: SHB Joe Pratt 0-0: Ball
1-0: Hit by Pitch
Pinch Hitting: SHB Derek Webb 0-0: Swinging Strike
0-1: Ball
1-1: Ball
2-1: Ball
3-1: Foul Ball, location: 3FF
3-2: Strikes out swinging
Top of the 7th over - 0 runs, 0 hits, 0 errors, 2 left on base; DSL Houston 1 - DSL Minnesota 5
BOTTOM OF THE 7TH
DSL Minnesota Twins batting - Pitching for DSL Houston Astros : LHP Bob Miller
Now at 1B: Jon Burton
Now at 2B: Derek Webb
Now at 3B: Robbie Ashe
Batting: RHB Wilson Gómes 0-0: Called Strike
0-1: Called Strike
0-2: Strikes out swinging
Batting: LHB Pat Davis 0-0: Ball
1-0: Foul Ball, location: 23F
1-1: Ball
2-1: Ball
3-1: Base on Balls
Batting: RHB Cisco Bautista 0-0: TRIPLE (Line Drive, 9LD, EV 105.6 MPH)
Pat Davis scores
Batting: RHB Ben Butler 0-0: Called Strike
0-1: Foul Ball, location: 2F
0-2: Ball
1-2: Strikes out swinging
Batting: LHB Jim Unknown 0-0: Called Strike
0-1: Ball
1-1: Foul Ball, location: 2F
1-2: Ball
2-2: Foul Ball, location: 9LSFF
2-2: Strikes out swinging
Bottom of the 7th over - 1 run, 1 hit, 0 errors, 1 left on base; DSL Houston 1 - DSL Minnesota 6
TOP OF THE 8TH
DSL Houston Astros batting - Pitching for DSL Minnesota Twins : RHP Raúl Árias
Pinch Hitting: SHB Cris Núñez 0-0: Ball
1-0: Called Strike
1-1: Foul Ball, location: 9LMF
1-2: Ball
2-2: Ball
3-2: Base on Balls
Pinch Hitting: RHB Rob Wilson 0-0: Ball
1-0: Foul Ball, location: 2F
1-1: Ball
2-1: Ball
3-1: Base on Balls
Cris Núñez to second
Batting: RHB Hugh Burns 0-0: Called Strike
0-1: Ground out 5-3 (Groundball, 5S, EV 73.8 MPH)
Cris Núñez to third
Rob Wilson to second
Batting: LHB Jorge Ramos 0-0: Ground out 1-3 (Groundball, 13, EV 71.3 MPH)
Batting: RHB Randy Warner 0-0: Ball
1-0: DOUBLE (Flyball, 8LXD, EV 104.4 MPH)
Cris Núñez scores
Rob Wilson scores
Pitching: LHP Tom Devereux
Pinch Hitting: RHB Jerry White 0-0: Ball
1-0: Foul Ball, location: 3DF
1-1: Called Strike
1-2: Strikes out swinging
Top of the 8th over - 2 runs, 1 hit, 0 errors, 1 left on base; DSL Houston 3 - DSL Minnesota 6
BOTTOM OF THE 8TH
DSL Minnesota Twins batting - Pitching for DSL Houston Astros : LHP Bob Miller
Now at 1B: Rob Wilson
Now at 3B: Jerry White
Now in LF: Greg Shelton
Now in CF: Jorge Ramos
Now in RF: Jon Burton
Batting: RHB Jim Unknown 0-0: Called Strike
0-1: Ball
1-1: Ball
2-1: Foul Ball, location: 5FF
2-2: Foul Ball, location: 2F
2-2: Strikes out swinging, 2-3 out at first.
Batting: RHB Juan Vargas 0-0: Ground out 5-3 (Groundball, 5, EV 94.4 MPH)
Batting: RHB Sean Marsh 0-0: Foul Ball, location: 5FF
0-1: Ball
1-1: Ball
2-1: Foul Ball, location: 2F
2-2: Ground out 4-3 (Groundball, 4, EV 98.1 MPH)
Bottom of the 8th over - 0 runs, 0 hits, 0 errors, 0 left on base; DSL Houston 3 - DSL Minnesota 6
TOP OF THE 9TH
DSL Houston Astros batting - Pitching for DSL Minnesota Twins : LHP Tom Devereux
Pitching: RHP Aurelio Acevedo
Batting: LHB Jon Burton 0-0: Ball
1-0: Foul Ball, location: 3F
1-1: Ball
2-1: Ball
3-1: Base on Balls
Pinch Hitting: LHB Rob Prince 0-0: Foul Ball, location: 7LSF
0-1: Called Strike
0-2: Ball
1-2: Strikes out swinging
Batting: SHB Derek Webb 0-0: Ground out 6-3 (Groundball, 6M, EV 106.3 MPH)
Jon Burton to second
Batting: LHB Greg Shelton 0-0: Called Strike
0-1: Swinging Strike
0-2: Ball
1-2: Strikes out swinging
Top of the 9th over - 0 runs, 0 hits, 0 errors, 1 left on base; DSL Houston 3 - DSL Minnesota 6
Wednesday, April 3rd , 2024 - OOTP Baseball 24.10 Build 82